 Dungeon Crawl Stone Soup version 0.22-a0-617-g6d95e9e (webtiles) character file.

18612 Aviak the Cleaver (level 12, -31/118 HPs)
             Began as a Deep Dwarf Monk on July 11, 2018.
             Was an Elder of Makhleb.
             Annihilated by a spiny frog (47 damage)
             ... on level 5 of the Lair of Beasts on July 12, 2018.
             The game lasted 00:28:16 (10031 turns).

Aviak the Cleaver (Deep Dwarf Monk)                Turns: 10031, Time: 00:28:17

Health: -31/118    AC: 12    Str: 20    XL:     12   Next: 29%
Magic:  13/13      EV: 11    Int: 11    God:    Makhleb [****..]
Gold:   278        SH:  0    Dex: 15    Spells: 11/11 levels left

rFire    + . .     SeeInvis .   t - +3 hand axe (freeze)
rCold    . . .     Gourm    .   O - +0 shield
rNeg     + . .     Faith    .   Q - +0 ring mail (curse)
rPois    .         Spirit   .   n - +2 helmet
rElec    .         Reflect  .   (no cloak)
rCorr    .         Harm     .   (no gloves)
MR       +....                  P - +1 pair of boots
Stlth    +.........             (no amulet)
HPRegen  0.00/turn              E - ring of protection from fire
MPRegen  0.13/turn              V - ring of positive energy

@: lethally poisoned (-31 -> -31), sleeping, non-regenerating
A: damage resistance, heal wounds, sense surroundings 2, no regeneration
a: Heal Wounds, Minor Destruction, Lesser Servant of Makhleb, Major Destruction,
Renounce Religion


You were on level 5 of the Lair of Beasts.
You worshipped Makhleb.
Makhleb was greatly pleased with you.
You were not hungry.

You visited 3 branches of the dungeon, and saw 16 of its levels.

You collected 629 gold pieces.
You spent 351 gold pieces at shops.

Inventory:

Hand Weapons
 a - a +0 hand axe
 k - a +2 hand axe of chopping
 t - a +3 hand axe of freezing (weapon)
 u - a +0 war axe
 y - a +2 scythe of venom
Armour
 b - a +0 robe
 d - a +0 leather armour
 l - a +0 pair of boots
 n - a +2 helmet (worn)
 o - a +0 ring mail
 F - a +0 buckler
 L - the +0 robe of the Locust {MR+ SInv, unknown}
   (You found it on level 4 of the Lair of Beasts)

   It affects your resistance to hostile enchantments.
   It lets you see invisible.
 O - a +0 shield (worn)
 P - a +1 pair of boots (worn)
 Q - a cursed +0 ring mail (worn)
Magical Staves
 K - a cursed staff of cold
Jewellery
 E - a ring of protection from fire (left hand)
 I - an uncursed ring of wizardry
 V - a ring of positive energy (right hand)
Wands
 f - a wand of acid (8)
 h - a wand of paralysis (30)
 z - a wand of polymorph (2)
Scrolls
 e - 6 scrolls of amnesia
 j - 3 scrolls of magic mapping
 m - 3 scrolls of enchant armour
 p - 3 scrolls of teleportation
 v - 8 scrolls of remove curse
 w - 4 scrolls of enchant weapon
 C - 2 scrolls of blinking
 D - a scroll of vulnerability
 G - 2 scrolls of fog {unknown}
 H - 2 scrolls of immolation {unknown}
 N - 2 scrolls of fear
 R - 4 scrolls of summoning
 S - 3 scrolls of identify
 T - a scroll of noise
Potions
 g - 2 potions of berserk rage {unknown}
 i - 4 potions of curing
 q - 4 potions of flight
 r - 2 potions of mutation
 s - 2 potions of ambrosia {unknown}
 x - 2 potions of agility {unknown}
 A - a potion of resistance
 B - 2 potions of heal wounds
 J - 2 potions of degeneration {unknown}
 M - a potion of cancellation {unknown}
Comestibles
 c - 28 rations
 U - 2 chunks of flesh


   Skills:
 + Level 10.7 Fighting
 + Level 12.5 Axes
 + Level 8.0 Armour
 - Level 4.2 Dodging
 - Level 2.4 Stealth
 + Level 6.5 Shields
 - Level 10.5 Invocations


You had 11 spell levels left.
You didn't know any spells.
Your spell library contained the following spells:

 Spells                   Type           Power        Failure   Level  Hunger
 Cause Fear               Hex            #.........   100%        4    #####..
 Magic Dart               Conj           #...         86%         1    ##.....
 Conjure Flame            Conj/Fire      #.......     99%         3    ####...
 Slow                     Hex            #.......     94%         2    ###....
 Confuse                  Hex            #.......     99%         3    ####...
 Mephitic Cloud           Conj/Pois/Air  #.......     99%         3    ####...
 Blink                    Tloc           N/A          94%         2    ###....
 Call Imp                 Summ           #.......     94%         2    ###....
 Tukima's Dance           Hex            #.......     99%         3    ####...
 Ensorcelled Hibernation  Hex/Ice        #.....       94%         2    ###....
 Corona                   Hex            #......      86%         1    ##.....
 Portal Projectile        Hex/Tloc       #.....       99%         3    ####...
 Leda's Liquefaction      Hex/Erth       #.........   100%        4    #####..
 Inner Flame              Hex/Fire       #.......     99%         3    ####...
 Dazzling Spray           Conj/Hex       #.....       99%         3    ####...


Dungeon Overview and Level Annotations

Branches:
Dungeon (10/15)            Temple (1/1) D:7            Lair (5/6) D:8
  Swamp (0/4) Lair:3       Spider (0/4) Lair:4        Slime (0/5) Lair:5
    Orc: D:9-12

Altars:
Cheibriados
Dithmenos
Fedhas
Kikubaaqudgha
Makhleb
Okawaru
Qazlal
Trog
Uskayaw
Wu Jian
Xom
Yredelemnul

Shops:
D:4 *   D:7 !

Annotations:
Lair:2 1 runed door, Etiuwnuo's ghost, journeyman DrFi
Lair:3 1 runed door, exclusion: ice statue, Meatbag's ghost, journeyman GrBe
Lair:4 exclusion: oklob plant, Sonja


Innate Abilities, Weirdness & Mutations

You are resistant to damage.
You can heal yourself by infusing magical energy.
You passively map the area around you.
You do not regenerate.


Message History

You kill the water moccasin!
Makhleb accepts your kill.
Unknown command.
You slash the dream sheep! You freeze the dream sheep.
The dream sheep is heavily wounded.
The dream sheep bites you but does no damage.
You barely miss the dream sheep.
The dream sheep is heavily wounded.
You hit the spiny frog. You freeze the spiny frog.
A dream sheep comes into view.
The spiny frog stings you!
* * * LOW HITPOINT WARNING * * *
You are poisoned.
The spiny frog poisons you!
A hippogriff comes into view.
The dream sheep shake their wool and sparkle.
You feel drowsy...
You fall asleep.
The hippogriff screeches!
You hear a bleat!
The spiny frog stings you!!!
You die...

*
...........%.
, * * ,
.........H..*
*
*#.....Y....
* , #....#..#
#....#.#
#.....##
##Y....#
#YF...##
#@#.#.#
#######


You could see a hippogriff, a spiny frog and 3 dream sheep.

Vanquished Creatures
  Josephine (Lair:4)
  2 death yaks (Lair:4)
  Pikel (D:8)
  An elephant (Lair:5)
  9 spiny frogs
  A komodo dragon (D:8)
  A troll (D:9)
  3 polar bears (Lair:3)
  2 hornets
  2 tyrant leeches (Lair:3)
  A blink frog (Lair:5)
  Sigmund (D:3)
  5 wraiths (Lair:4)
  13 yaks
  2 basilisks
  7 water moccasins
  Edmund (D:6)
  6 porcupines
  Duvessa (D:6)
  An orc warrior (D:7)
  6 ice beasts
  3 sky beasts
  2 eyes of draining (D:8)
  4 ogres
  2 phantoms
  3 centaurs
  9 crocodiles
  16 bullfrogs
  A wyvern zombie (D:9)
  5 scorpions
  Dowan (D:6)
  3 howler monkeys
  3 crimson imps
  A bullfrog zombie (D:6)
  2 hounds
  A centaur skeleton (D:6)
  A jelly (D:9)
  4 orc priests
  6 orc wizards
  An iguana (D:5)
  6 worker ants
  A gnoll (D:1)
  A worker ant zombie (D:6)
  12 adders
  A shadow imp (D:5)
  3 white imps (Lair:3)
  An ooze (D:2)
  4 worms
  3 dart slugs
  5 leopard geckos
  22 orcs
  A ball python (D:1)
  7 giant cockroaches
  10 goblins
  11 hobgoblins
  16 jackals
  7 kobolds
  7 quokkas
  11 bats
  4 frilled lizards
  A jackal zombie (D:5)
  2 leopard gecko skeletons
  A quokka skeleton (D:8)
  6 rats
  2 fungi (Lair:4)
280 creatures vanquished.

Vanquished Creatures (collateral kills)
  2 hydras
  A komodo dragon (Lair:1)
  2 tyrant leeches (Lair:3)
  3 hornets (D:9)
  A polar bear (Lair:3)
  3 crocodiles (Lair:1)
  2 bullfrogs (Lair:1)
  A crimson imp (D:9)
15 creatures vanquished.

Vanquished Creatures (others)
  A centaur (D:8)
  An orc (D:7)
  23 fungi
  6 plants
31 creatures vanquished.

Grand Total: 326 creatures vanquished

Notes
Turn   | Place    | Note
-------+----------+-------------------------------------------
     0 | D:1      | Aviak the Deep Dwarf Monk began the quest for the Orb.
     0 | D:1      | Reached XP level 1. HP: 20/20 MP: 1/1
    55 | D:1      | Reached XP level 2. HP: 16/27 MP: 2/2
   115 | D:1      | Reached XP level 3. HP: 31/34 MP: 3/3
   507 | D:2      | Reached skill level 4 in Axes
   685 | D:2      | Reached XP level 4. HP: 39/42 MP: 4/4
  1372 | D:3      | Reached skill level 1 in Armour
  1372 | D:3      | Reached XP level 5. HP: 14/50 MP: 5/5
  1750 | D:3      | Noticed Sigmund
  1764 | D:3      | Killed Sigmund
  1764 | D:3      | Reached skill level 5 in Axes
  1764 | D:3      | Reached XP level 6. HP: 41/58 MP: 6/6
  1995 | D:4      | Found Ummul's Assorted Antiques.
  1998 | D:4      | Bought an inky potion for 21 gold pieces
  1998 | D:4      | Bought a white potion for 21 gold pieces
  1998 | D:4      | Bought a smoky emerald potion for 21 gold pieces
  1998 | D:4      | Bought a dark potion for 21 gold pieces
  1998 | D:4      | Bought a scroll labeled DEOV MODGHYMN for 24 gold pieces
  1998 | D:4      | Bought a scroll labeled ZAC POMIRGH for 24 gold pieces
  1998 | D:4      | Bought a scroll labeled CUCIUD MARPHIPREDD for 24 gold pieces
  2217 | D:4      | Reached XP level 7. HP: 43/66 MP: 7/7
  2500 | D:4      | Reached skill level 5 in Fighting
  2500 | D:4      | Reached skill level 6 in Axes
  2801 | D:4      | Found the +7 Singing Sword
  2952 | D:5      | Entered Level 5 of the Dungeon
  3234 | D:6      | Reached XP level 8. HP: 29/75 MP: 7/7
  3305 | D:6      | Reached skill level 5 in Armour
  3358 | D:6      | Reached skill level 7 in Axes
  3361 | D:6      | Noticed Edmund
  3371 | D:6      | Killed Edmund
  3783 | D:6      | Noticed Dowan
  3785 | D:6      | Noticed Duvessa
  3787 | D:6      | Killed Dowan
  3790 | D:6      | Reached skill level 8 in Axes
  3791 | D:6      | Killed Duvessa
  4065 | D:7      | Gained mutation: You passively map the area around you. [Deep Dwarf growth]
  4065 | D:7      | Reached XP level 9. HP: 23/85 MP: 7/7
  4246 | D:7      | Found Xoxowol's Distillery.
  4268 | D:7      | Bought a potion of haste for 130 gold pieces
  4268 | D:7      | Bought a potion of heal wounds for 65 gold pieces
  4436 | D:7      | Found a staircase to the Ecumenical Temple.
  4447 | Temple   | Entered the Ecumenical Temple
  4469 | Temple   | Became a worshipper of Makhleb the Destroyer
  4469 | Temple   | Reached * piety under Makhleb
  4469 | Temple   | Reached ** piety under Makhleb
  4788 | D:8      | Found a shadowy altar of Dithmenos.
  4829 | D:8      | Noticed Pikel
  4851 | D:8      | Killed Pikel
  4851 | D:8      | Reached skill level 9 in Axes
  5253 | D:8      | Found a staircase to the Lair.
  5256 | D:8      | Noticed a komodo dragon
  5290 | D:8      | Killed a komodo dragon
  5290 | D:8      | Reached skill level 5 in Invocations
  5546 | D:9      | Reached XP level 10. HP: 33/96 MP: 11/11
  5669 | D:9      | Reached *** piety under Makhleb
  6006 | D:9      | Reached skill level 10 in Axes
  6179 | D:9      | Paralysed by a hornet for 1 turns
  6183 | D:9      | HP: 1/98 [hornet (7)]
  6280 | D:10     | Entered Level 10 of the Dungeon
  6280 | D:10     | Noticed a two-headed ogre
  6339 | Lair:1   | Entered Level 1 of the Lair of Beasts
  6630 | Lair:1   | Noticed a spiny frog
  6641 | Lair:1   | Killed a spiny frog
  6731 | Lair:1   | Noticed a spiny frog
  6748 | Lair:1   | Killed a spiny frog
  6769 | Lair:1   | Noticed a spiny frog
  6786 | Lair:1   | Killed a spiny frog
  6786 | Lair:1   | Reached skill level 11 in Axes
  7103 | Lair:2   | Reached XP level 11. HP: 52/106 MP: 14/14
  7157 | Lair:2   | Found a runed door.
  7205 | Lair:2   | Noticed Etiuwnuo's ghost (journeyman DrFi)
  7981 | Lair:3   | Reached **** piety under Makhleb
  8176 | Lair:3   | Reached skill level 1 in Shields
  8247 | Lair:3   | Found a staircase to the Swamp.
  8274 | Lair:3   | Reached skill level 10 in Fighting
  8404 | Lair:3   | Found a runed door.
  8404 | Lair:3   | Found a shimmering altar of Xom.
  8404 | Lair:3   | Noticed Meatbag's ghost (journeyman GrBe)
  8405 | Lair:3   | Noticed a halberd of chaos
  8460 | Lair:3   | Noticed an eight-headed hydra
  8470 | Lair:3   | Killed an eight-headed hydra
  8907 | Lair:4   | Noticed an oklob plant
  8911 | Lair:4   | Noticed a seven-headed hydra
  8929 | Lair:4   | Killed a seven-headed hydra
  9123 | Lair:4   | Reached skill level 10 in Invocations
  9207 | Lair:3   | Upgraded the game from 0.22-a0-612-gd2f0174 to 0.22-a0-617-g6d95e9e
  9302 | Lair:4   | Got a colourful robe
  9354 | Lair:4   | Noticed a death yak
  9355 | Lair:4   | Noticed a death yak
  9366 | Lair:4   | Reached skill level 12 in Axes
  9375 | Lair:4   | Killed a death yak
  9375 | Lair:4   | Reached skill level 5 in Shields
  9392 | Lair:4   | Killed a death yak
  9418 | Lair:4   | Found a hole to the Spider Nest.
  9486 | Lair:4   | Reached XP level 12. HP: 49/117 MP: 14/14
  9492 | Lair:4   | Noticed Sonja
  9508 | Lair:4   | Noticed Josephine
  9537 | Lair:4   | Killed Josephine
 10031 | Lair:5   | Annihilated by a spiny frog

Vault maps used:
D:1:      dpeg_arrival_tiny_d
D:2:      minmay_randomly_rotated_circles
D:3:      uniq_sigmund
D:4:      old_forge, serial_shops, nicolae_shop_behind_doors, first_ration
D:6:      uniq_duvessa, uniq_edmund
D:7:      minmay_temple_entry_mist, serial_shops, shop
D:8:      nicolae_overflow_crystal_walls, david_lair_shrubbed, uniq_pikel
D:9:      hangedman_pestilent_swarm
Temple:   nicolae_temple_the_god_donut
Lair:1:   grunt_megastairs_3, lemuel_fruit_tree
Lair:2:   ebering_ghost_reflecting_pool
Lair:3:   minmay_swamp_entry_worms, ebering_ghost_xom, ice2_lemuel,
          grunt_megastairs_1, infiniplex_staircase_pool_2, serial_bayou_shore_b
Lair:4:   dummy_spider_entry, beast_lair_carwin_10, minmay_lair_oklob_chamber,
          grunt_megastairs_2, uniq_josephine, uniq_sonja
Lair:5:   nicolae_slime_entry_slimehenge

Skill      XL: |  1  2  3  4  5  6  7  8  9 10 11 12 |
---------------+-------------------------------------+-----
Fighting       | 3 4 5 6 8 9 10 | 10.7
Axes           | 4 5 6 8 9 11 12 | 12.5
Dodging        | 4 |  4.2
Armour         | 1 2 3 4 6 7 8 |  8.0
Invocations    | 5 8 10 | 10.5
Shields        | 5 6 |  6.5
Stealth        | |  2.4

Action                   |  1- 3 |  4- 6 |  7- 9 | 10-12 || total
-------------------------+-------+-------+-------+-------++-------
Melee: Hand axe          |   161 |   161 |   113 |   646 ||  1081
       Scythe            |       |    28 |   190 |       ||   218
Invok: Minor Destruction |       |       |     2 |    10 ||    12
       Lesser Servant of |       |       |       |    14 ||    14
       Major Destruction |       |       |       |     1 ||     1
 Abil: Heal Wounds       |     2 |     3 |     9 |    20 ||    34
Evoke: Wand              |       |       |     1 |     7 ||     8
  Use: Scroll            |       |     4 |     4 |    11 ||    19
       Potion            |       |       |     3 |     9 ||    12
 Stab: Sleeping          |     1 |     2 |     2 |       ||     5
       Distracted        |       |       |     1 |       ||     1
       Paralysed         |       |       |     2 |     8 ||    10
       Invisible         |       |       |     1 |       ||     1
  Eat: Chunk             |       |     5 |     8 |    12 ||    25
       Ration            |       |       |     1 |     1 ||     2
Armor: Robe              |     2 |       |       |       ||     2
       Leather armour    |    34 |    11 |       |       ||    45
       Ring mail         |       |    35 |   142 |   156 ||   333
       Skin              |       |       |       |    15 ||    15
Dodge: Dodged            |   105 |   151 |   206 |   216 ||   678
Block: Shield            |       |       |    36 |   259 ||   295

Table legend:
 A = Spawn XP
 B = Non-spawn XP
 C = Spawn XP percentage of total XP
 D = Spawn monster count
 E = Non-spawn monster count
 F = Spawn count percentage of total count
 G = Total turns spent on level
                    A         B        C        D         E        F      G
               +---------+---------+-------+---------+---------+-------+---------
         Total |       0 |   26589 |   0.0 |       0 |     293 |   0.0 | 10031
               +---------+---------+-------+---------+---------+-------+---------
           D:1 |       0 |      68 |   0.0 |       0 |      28 |   0.0 |   501
           D:2 |       0 |     106 |   0.0 |       0 |      37 |   0.0 |   769
           D:3 |       0 |     362 |   0.0 |       0 |      21 |   0.0 |   599
           D:4 |       0 |     679 |   0.0 |       0 |      24 |   0.0 |  1083
           D:5 |       0 |     200 |   0.0 |       0 |       7 |   0.0 |   266
           D:6 |       0 |    1317 |   0.0 |       0 |      18 |   0.0 |   769
           D:7 |       0 |     738 |   0.0 |       0 |      20 |   0.0 |   762
           D:8 |       0 |    2001 |   0.0 |       0 |      24 |   0.0 |   785
           D:9 |       0 |    2721 |   0.0 |       0 |      27 |   0.0 |   766
        Lair:1 |       0 |    2391 |   0.0 |       0 |      14 |   0.0 |   675
        Lair:2 |       0 |    1553 |   0.0 |       0 |       9 |   0.0 |   714
        Lair:3 |       0 |    4743 |   0.0 |       0 |      25 |   0.0 |  1241
        Lair:4 |       0 |    8592 |   0.0 |       0 |      34 |   0.0 |   985
        Lair:5 |       0 |    1118 |   0.0 |       0 |       5 |   0.0 |    77
               +---------+---------+-------+---------+---------+-------+---------
